 Dungeon Crawl Stone Soup version 0.23-a0-650-ga4d50d4 (webtiles) character file.

1 Amnesiac the Digger (level 1, 0/7 HPs)
             Began as a Felid Earth Elementalist on Jan 5, 2019.
             Slain by a giant cockroach (1 damage)
             ... on level 1 of the Dungeon.
             The game lasted 00:00:24 (78 turns).

Amnesiac the Digger (Felid Earth Elementalist)        Turns: 78, Time: 00:00:25

Health: 0/7        AC:  1    Str:  4    XL:     1   Next: 16%
Magic:  4/4        EV: 18    Int: 16    God:
Gold:   12         SH:  0    Dex: 16    Spells: 3/4 levels left
                                        Lives:  0   Deaths: 0

rFire    . . .     SeeInvis +   (weapon unavailable)
rCold    . . .     Gourm    .   (shield unavailable)
rNeg     . . .     Faith    .   (armour unavailable)
rPois    .         Spirit   .   (helmet unavailable)
rElec    .         Reflect  .   (cloak unavailable)
rCorr    .         Harm     .   (gloves unavailable)
MR       .....                  (boots unavailable)
Stlth    +++.......             (no amulet)
HPRegen  0.02/turn              (no ring)
MPRegen  0.09/turn              (no ring)

@: quick
A: very small, no armour, no weapons or thrown items, stealth, claws 1, fangs 3,
see invisible, carnivore, speed 1, shaggy fur 1, slow metabolism 1, sharp paws
a: no special abilities


You were on level 1 of the Dungeon.
You were not hungry.

You visited 1 branch of the dungeon, and saw 2 of its levels.

You collected 12 gold pieces.

Inventory:

Missiles
 b - 30 stones
Scrolls
 a - a scroll of fear {!r, unknown}
Comestibles
 c - a ration


   Skills:
 - Level 2.6 Dodging
 + Level 2.7 Stealth
 + Level 0.0 Unarmed Combat
 + Level 2.0 Spellcasting
   Level 1.1 Transmutations
 * Level 2.7 Earth Magic


You had 3 spell levels left.
You knew the following spells:

 Your Spells              Type           Power        Failure   Level  Hunger
a - Sandblast             Erth           ##....       7%          1    #......

Your spell library contained the following spells:

 Spells                   Type           Power        Failure   Level  Hunger
 Passwall                 Tmut/Erth      #.......     14%         2    ###....
 Stone Arrow              Conj/Erth      #.....       34%         3    ###....
 Petrify                  Tmut/Erth      #.......     67%         4    #####..
 Lee's Rapid Deconstruct  Erth           ##........   88%         5    ######.


Dungeon Overview and Level Annotations

Branches:
Dungeon (2/15)

Altars:

Annotations:
D:1 1 runed door


Innate Abilities, Weirdness & Mutations

You cannot wear armour.
You are incapable of wielding weapons or throwing items.
Your paws allow you to move quietly. (Stealth)
You have sharp claws.
You have razor-sharp teeth.
You have supernaturally acute eyesight. (SInv)
You are carnivorous and can eat meat at any time.
You cover ground quickly.
You are covered in fur. (AC +1)
You have a slow metabolism.
Your sharp claws are effective at attacking unaware monsters.


Message History

You open the door.
There is an open door here.
A kobold comes into view. It is wielding a +0 whip.
There is an open door here.
There is a stone staircase leading down here.
You climb downwards.
Found a pair of gloves and a scroll labeled VIGOFE OJUSE.
There is a stone staircase leading up here.
A ball python skeleton comes into view.
A quokka zombie comes into view.
Found 12 gold pieces.
You swing at nothing.
You scratch the ball python skeleton. You bite the ball python skeleton.
The ball python skeleton is moderately damaged.
The ball python skeleton closely misses you.
The ball python skeleton misses you.
You barely miss the ball python skeleton.
The ball python skeleton is moderately damaged.
The ball python skeleton misses you. x2
You completely miss the ball python skeleton.
The ball python skeleton is moderately damaged.
The ball python skeleton bites you but does no damage.
The ball python skeleton closely misses you.
You scratch the ball python skeleton.
The ball python skeleton is almost destroyed.
The ball python skeleton completely misses you.
The ball python skeleton misses you.
You scratch the ball python skeleton.
You destroy the ball python skeleton!
You swing at nothing.
You see here a scroll labeled VIGOFE OJUSE {!r}.
a - a scroll labeled VIGOFE OJUSE {!r} You scratch the quokka zombie.
The quokka zombie is lightly damaged.
The quokka zombie closely misses you.
You scratch the quokka zombie.
The quokka zombie is severely damaged.
The quokka zombie barely misses you.
You scratch the quokka zombie.
You destroy the quokka zombie!
You now have 12 gold pieces.
A ball python comes into view.
Found a stone staircase leading up.
A ball python is nearby!
A dart slug comes into view.
The ball python misses you. The ball python closely misses you.
You closely miss the ball python.
The ball python bites you but does no damage.
The ball python barely misses you. The ball python bites you.
The ball python grabs you. The ball python constricts you.
You barely miss the ball python. The ball python bites you.
* * * LOW HITPOINT WARNING * * *
x2 The ball python constricts you.
You escape the ball python's grasp.
There is a stone staircase leading up here.
You climb upwards.
Level annotation: 1 runed door 2 giant cockroaches and a goblin come into view.
The giant cockroach bites you.
* * * LOW HITPOINT WARNING * * *
Found a pair of boots.
There is a stone staircase leading down here.
The giant cockroach bites you.
You die...

#
.##########.#
...........
..g....#.#
.......>s###
.#.###.s.@.#
#..##.# #...
.# #.## ## ..
..[ .... ....


You could see 2 giant cockroaches and a goblin (sleeping).

Vanquished Creatures
  A ball python skeleton (D:2)
  A quokka zombie (D:2)
2 creatures vanquished.

Notes
Turn   | Place    | Note
-------+----------+-------------------------------------------
     0 | D:1      | Amnesiac the Felid Earth Elementalist began the quest for
                  | the Orb.
     0 | D:1      | Reached XP level 1. HP: 7/7 MP: 4/4
     1 | D:1      | Found a runed door.
    78 | D:1      | Slain by a giant cockroach

Vault maps used:
D:1:      dpeg_arrival_caged_fury
D:2:      fiery_altar_vehumet, lemuel_round_altar, serial_undead,
          serial_undead_f, serial_undead_a, serial_undead_c, serial_undead_b,
          serial_undead_d, serial_undead_a, serial_undead_c, serial_undead_d,
          grunt_ministairs_9, uniq_crazy_yiuf_cottage, uniq_jessica

Action                   || total
-------------------------++-------
Melee: Unarmed           ||    10
       Bite              ||     1
Armor: Skin              ||     2
Dodge: Dodged            ||    12

Table legend:
 A = Non-vault XP
 B = Vault XP
 C = Vault XP percentage of total XP
 D = Non-vault monster count
 E = Vault monster count
 F = Vault count percentage of total count
                 A         B        C        D         E       F
            +---------+---------+-------+---------+---------+-------
      Total |       0 |       2 | 100.0 |       0 |       2 | 100.0
            +---------+---------+-------+---------+---------+-------
        D:2 |       0 |       2 | 100.0 |       0 |       2 | 100.0
            +---------+---------+-------+---------+---------+-------
